 Dungeon Crawl Stone Soup version 0.15-a0-2388-g9f833ab (webtiles) character file.

327 Chiseanne the Ducker (level 6, 0/55 HPs)
             Began as a Draconian Wanderer on Aug 2, 2014.
             Was a Follower of Qazlal.
             Slain by an orc wizard
             ... wielding a +0 dagger
              (2 damage)
             ... on Level 4 of the Dungeon.
             The game lasted 00:13:41 (4181 turns).

Chiseanne the Ducker (Draconian Wanderer)           Turns: 4181, Time: 00:13:42

HP   0/55        AC 10     Str 18      XL: 6   Next: 24%
MP   7/7         EV 14     Int 11      God: Qazlal [*.....]
Gold 6           SH  2     Dex 13      Spells:  0 memorised,  5 levels left

rFire  . . .     SeeInvis .     a - +2 mace (crush)
rCold  . . .     Clarity  .     (armour unavailable)
rNeg   . . .     rCorr    .     (no shield)
rPois  .         rRot     .     h - +2 hat
rElec  .         Spirit   .     (no cloak)
SustAb .         Warding  .     (no gloves)
rMut   .         Stasis   .     n - +1 pair of boots
Gourm  .                        (no amulet)
MR     .....                    (no ring)
                                b - +3 ring of strength

@: not resistant to hostile enchantments, very unstealthy
A: unfitting armour, claws 1, hooves 1, blurry vision 1, cold-blooded, AC +6
a: Renounce Religion


You were on level 4 of the Dungeon.
You worshipped Qazlal.
Qazlal was aware of your devotion.
You were not hungry.

You visited 1 branch of the dungeon, and saw 4 of its levels.

You collected 166 gold pieces.
You spent 160 gold pieces at shops.

Inventory:

Hand weapons
 a - a +2 mace of crushing (weapon)
 i - a +0 morningstar
 w - a +0 blowgun
Missiles
 g - 22 sling bullets
 k - 84 arrows
 m - 32 poisoned needles
 q - 29 bolts
 r - 20 poisoned sling bullets
 u - 2 tomahawks (quivered)
Armour
 h - a +2 hat (worn)
 n - a +1 pair of boots (worn)
Comestibles
 f - 2 bread rations
 j - a meat ration
 o - a chunk of goblin flesh
Scrolls
 d - 2 scrolls of teleportation
 e - a scroll of magic mapping
 p - a scroll of remove curse
Jewellery
 b - a +3 ring of strength (left claw)
 x - an uncursed ring of fire
Potions
 c - a potion of lignification
 l - a potion of cure mutation
 s - a potion of magic


   Skills:
 * Level 4.9 Fighting
 * Level 0.6(0.8) Maces & Flails
   Level 1.0 Staves
 * Level 5.5 Dodging
 * Level 1.4 Stealth
 - Level 1.0 Unarmed Combat
 - Level 1.0 Evocations


You had 5 spell levels left.
You didn't know any spells.

Dungeon Overview and Level Annotations

Branches:
Dungeon (4/15)
 Temple: D:4-7

Altars:
Fedhas
Qazlal
Vehumet
Yredelemnul
The Shining One

Shops:
D:4 *


Innate Abilities, Weirdness & Mutations

Your plain brown scales are hard (AC +6).
Your body does not fit into most forms of armour.
Your cold-blooded metabolism reacts poorly to cold.
You have sharp fingernails.
You have large cloven feet.
Your vision is a little blurry.


Message History

You hit something. Something hits you but does no damage.
Your magical contamination has completely faded away.
You swing at nothing.
Something hits you but does no damage.
You swing at nothing.
You hear some strange, mumbled words.
Helpless, you fail to dodge the puff of flame.
* * * LOW HITPOINT WARNING * * *
You hear some strange, mumbled words.
Helpless, you fail to dodge the puff of flame.
* * * LOW HITPOINT WARNING * * *
You hit something but do no damage. Something hits you but does no damage.
You swing at nothing.
You feel less woody.
Your +1 pair of boots unmelds from your body.
You feel less confused. Something hits you.
* * * LOW HITPOINT WARNING * * *
You barely miss something. You tail-slap something.
Your punch misses something. Something hits you.
You die...

...#
...################
.###...#..........#
.+.....#..........#
.#.....#..........#
.#................#
.##'##............#
...%..##########)##
......# #...@#
......# #..[ยง#
......# #....#
......# ##...#
....### ##### ....#
....# ....# ..#


There were no monsters in sight!

Vanquished Creatures
  An orc priest (D:4)
  2 orc wizards
  A worker ant (D:3)
  The ghost of Charly the Insei, a weakling DrTm (D:3)
  5 adders
  An inept feature mimic (D:4)
  2 giant mites
  6 worms
  An ooze (D:3)
  10 orcs
  7 bats
  A giant cockroach (D:1)
  12 goblins
  9 hobgoblins
  9 kobolds
  A quokka (D:3)
  A ball python (D:2)
  3 giant geckos
  3 giant newts (D:2)
  A goblin skeleton (D:4)
  5 jackals
  12 rats
94 creatures vanquished.

Notes
Turn   | Place    | Note
--------------------------------------------------------------
     0 | D:1      | Chiseanne, the Draconian Wanderer, began the quest for the Orb.
     0 | D:1      | Reached XP level 1. HP: 19/19 MP: 1/1
   379 | D:1      | Reached XP level 2. HP: 27/27 MP: 2/2
  1079 | D:2      | Reached skill level 4 in Fighting
  1111 | D:2      | Reached XP level 3. HP: 24/33 MP: 3/3
  1329 | D:2      | Found a radiant altar of Vehumet.
  1637 | D:2      | Found a blossoming altar of Fedhas.
  1640 | D:2      | Found a radiant altar of Vehumet.
  1642 | D:2      | Found a stormy altar of Qazlal.
  1646 | D:2      | Became a worshipper of Qazlal Stormbringer
  1873 | D:2      | Reached XP level 4. HP: 32/41 MP: 4/4
  2140 | D:2      | Found a basalt altar of Yredelemnul.
  2141 | D:2      | Noticed a profane servitor
  2145 | D:2      | Found a glowing golden altar of the Shining One.
  2146 | D:2      | Noticed an angel
  2806 | D:3      | Noticed Charly's ghost (weakling DrTm)
  2827 | D:3      | Killed Charly's ghost
  2883 | D:3      | Reached XP level 5. HP: 37/47 MP: 5/5
  2886 | D:3      | Acquired Qazlal's first power
  3621 | D:3      | Reached skill level 5 in Dodging
  4042 | D:4      | Reached XP level 6. HP: 53/53 MP: 7/7
  4070 | D:4      | Found Grilach's Assorted Antiques.
  4079 | D:4      | Bought a scroll of identify for 40 gold pieces
  4079 | D:4      | Bought an encrusted golden ring for 100 gold pieces
  4079 | D:4      | Bought a scroll labeled ROYM OTEOST for 20 gold pieces
  4149 | D:4      | Gained mutation: You have sharp fingernails. [potion of mutation]
  4149 | D:4      | Gained mutation: Your vision is a little blurry. [potion of mutation]
  4149 | D:4      | Gained mutation: You have large cloven feet. [potion of mutation]
  4178 | D:4      | HP: 4/82 [something/puff of flame (9)]
  4181 | D:4      | Slain by an orc wizard

Action                   |  1- 3 |  4- 6 || total
-------------------------+-------+-------++-------
Melee: Dagger            |   166 |   172 ||   338
       Mace              |       |    59 ||    59
Evoke: Wand              |     5 |       ||     5
  Use: Scroll            |     4 |     7 ||    11
       Potion            |       |     6 ||     6
 Stab: Sleeping          |       |     1 ||     1
       Invisible         |       |     2 ||     2
  Eat: Chunk             |     3 |     8 ||    11
